 Dungeon Crawl Stone Soup version 0.29-a0-334-gb41bcbb86e (webtiles) character file.

Game seed: 18129527800821876650

60 Pooter the Sneak (level 4, -3/30 (34) HPs)
             Began as a Gnoll Wanderer on Apr 14, 2022.
             Slain by Edmund
             ... wielding a +7 dire flail of draining
              (10 damage)
             ... on level 4 of the Dungeon.
             The game lasted 00:11:40 (1992 turns).

Pooter the Sneak (Gnoll Wanderer)                   Turns: 1992, Time: 00:11:41

HP:   -3/30 (34)    AC:  7    Str: 13    XL:     4   Next: 4%
MP:   5/5           EV: 12    Int:  9    God:
Gold: 75            SH:  7    Dex: 14    Spells: 5/5 levels left

rFire   . . .      SeeInvis .   a - +0 war axe
rCold   . . .      Faith    .   g - +0 kite shield
rNeg    . . .      Spirit   .   t - +0 scale mail
rPois   .          Reflect  .   (no helmet)
rElec   .          Harm     .   i - +0 cloak
rCorr   .          Rampage  .   (no gloves)
Will    .....                   (no boots)
Stlth   ++........              (no amulet)
HPRegen 0.10/turn               q - +4 ring of evasion
MPRegen 0.09/turn               (no ring)

@: heavily drained
A: fangs 1, strong nose, distributed training
a: no special abilities


You were on level 4 of the Dungeon.
You visited 1 branch of the dungeon, and saw 4 of its levels.

You collected 124 gold pieces.
You spent 49 gold pieces at shops.

Inventory:

Hand Weapons
 a - a +0 war axe (weapon)
   (You found it on level 1 of the Dungeon)
 b - a +0 hunting sling
   (You found it on level 1 of the Dungeon)
 d - a +0 spear
 m - a +3 dagger
   (You took it off a goblin on level 1 of the Dungeon)
Missiles
 c - 2 datura-tipped darts
 j - 3 boomerangs
 Q - 59 stones
Armour
 g - a +0 kite shield (worn)
   (You bought it in a shop on level 1 of the Dungeon)
 i - a +0 cloak (worn)
   (You found it on level 1 of the Dungeon)
 t - a +0 scale mail (worn)
   (You found it on level 3 of the Dungeon)
Jewellery
 q - a +4 ring of evasion (left hand)
   (You found it on level 2 of the Dungeon)
Wands
 e - a wand of polymorph (7)
Scrolls
 h - a scroll of teleportation {unknown}
 k - a scroll of identify {unknown}
 r - a scroll of immolation {unknown}
Potions
 f - 2 potions of heal wounds {@q2}
 l - 3 potions of flight {unknown}
 p - 3 potions of mutation {unknown}
 s - a potion of invisibility {unknown}


   Skills:
 + Level 2.7 Fighting
 + Level 1.0 Short Blades
 + Level 1.0 Long Blades
 + Level 1.0 Axes
 + Level 1.0 Maces & Flails
 + Level 2.7 Polearms
 + Level 1.0 Staves
 + Level 1.0 Slings
 + Level 1.0 Bows
 + Level 1.0 Crossbows
 + Level 1.0 Throwing
 + Level 1.0 Armour
 + Level 2.7 Dodging
 + Level 7.8 Stealth
 + Level 1.0 Shields
 + Level 1.0 Unarmed Combat
 + Level 1.0 Spellcasting
 + Level 0.7 Conjurations
 + Level 0.7 Hexes
 + Level 0.7 Summonings
 + Level 0.7 Necromancy
 + Level 0.7 Translocations
 + Level 0.7 Transmutations
 + Level 0.7 Fire Magic
 + Level 0.7 Ice Magic
 + Level 0.7 Air Magic
 + Level 0.7 Earth Magic
 + Level 0.7 Poison Magic
 + Level 1.1 Invocations
 + Level 6.5 Evocations


You had 5 spell levels left.
You didn't know any spells.
Your spell library contained the following spells:

 Spells                   Type           Power      Damage    Failure   Level
 Magic Dart               Conj           4%         1d3       99%         1
 Call Imp                 Summ           1%         N/A       100%        2
 Mephitic Cloud           Conj/Pois/Air  1%         N/A       100%        3


Dungeon Overview and Level Annotations

Branches:
Dungeon (3/15)

Altars:
Wu Jian

Shops:
D:1 [

Annotations:
D:4 Edmund


Innate Abilities, Weirdness & Mutations

You have very sharp teeth.
Your uncanny sense of smell can sniff out nearby items.
Your experience applies equally to all skills.


Message History

Edmund says, "What use are spells, anyway?"
Found a book of the Senses.
Edmund says, "A flail is better than a scythe, any day of the week!"
Found 3 boomerangs.
Found a grey potion.
You see here 3 boomerangs.
j - 3 boomerangs Fire: b) +0 hunting sling
Aim: Edmund, wielding a +7 dire flail of draining and wearing a +0 ring mail (60% to hit)
Okay, then.
Throw: 2 darts (atropa)
Aim: Edmund, wielding a +7 dire flail of draining and wearing a +0 ring mail (63% to hit, chance to blind on hit: 80%)
You throw an atropa-tipped dart.
The atropa-tipped dart barely misses Edmund.
Throw: dart (atropa)
Aim: Edmund, wielding a +7 dire flail of draining and wearing a +0 ring mail (63% to hit, chance to blind on hit: 80%)
You throw an atropa-tipped dart. The atropa-tipped dart hits Edmund.
Edmund appears confused.
Edmund seems less confused.
Throw: 3 darts (poison)
Aim: Edmund, wielding a +7 dire flail of draining and wearing a +0 ring mail (63% to hit)
You throw a poisoned dart. The poisoned dart hits Edmund.
Edmund is poisoned.
Throw: 2 darts (poison)
Aim: Edmund, wielding a +7 dire flail of draining and wearing a +0 ring mail (poisoned, 63% to hit)
You throw a poisoned dart.
The poisoned dart closely misses Edmund.
Throw: dart (poison)
Aim: Edmund, wielding a +7 dire flail of draining and wearing a +0 ring mail (poisoned, 63% to hit)
You throw a poisoned dart. The poisoned dart hits Edmund.
Okay, then.
a - a +0 war axe (weapon)
You block Edmund's attack.
You barely miss Edmund. Edmund closely misses you.
You hit Edmund but do no damage.
Edmund looks more healthy.
Edmund hits you with a +7 dire flail of draining!
You feel drained.
Edmund hits you with a +7 dire flail of draining.
You feel drained.
You hit Edmund. Edmund barely misses you.
Edmund hits you with a +7 dire flail of draining!
* * * LOW HITPOINT WARNING * * *
You feel drained.
* * * LOW HITPOINT WARNING * * *
You slash Edmund! Edmund closely misses you.
Unknown command.
You hit Edmund. You bite Edmund.
Edmund gestures with his flail.
Edmund barely misses you.
Edmund hits you with a +7 dire flail of draining!
You die...

##.##(####
...##....#
.........!#
.#####....# #.
#.#.## # #.#@#
#.#.# #.#.#
###########
#.#.####.@@.......
#...((.#########
######## ∆


You could see Edmund.

Vanquished Creatures
  An adder (D:2)
  A worm (D:2)
  3 dart slugs
  An endoplasm (D:2)
  2 giant cockroaches (D:1)
  5 goblins
  5 hobgoblins
  2 jackals (D:1)
  4 quokkas (D:2)
  3 ball pythons
  3 bats
  6 kobolds
  3 rats
39 creatures vanquished.

Notes
Turn   | Place    | Note
-------+----------+-------------------------------------------
     0 | D:1      | Pooter the Gnoll Wanderer began the quest for the Orb.
     0 | D:1      | Pooter set off with the following items: a +0 dagger, 2
                  | atropa-tipped darts, 2 datura-tipped darts, a +0 spear, a
                  | wand of polymorph (7), a potion of heal wounds {@q2}, a +0
                  | leather armour
     0 | D:1      | Reached XP level 1. HP: 17/17 MP: 1/1
   270 | D:1      | Reached XP level 2. HP: 23/23 MP: 2/2
   509 | D:1      | Found Cophelej's Armour Boutique.
   802 | D:1      | Bought a +0 kite shield for 49 gold pieces
   957 | D:2      | Reached XP level 3. HP: 26/28 MP: 3/3
  1119 | D:2      | Reached skill level 1 in Invocations
  1279 | D:2      | Reached skill level 1 in Short Blades
  1279 | D:2      | Reached skill level 1 in Long Blades
  1279 | D:2      | Reached skill level 1 in Axes
  1279 | D:2      | Reached skill level 1 in Maces & Flails
  1279 | D:2      | Reached skill level 1 in Staves
  1279 | D:2      | Reached skill level 1 in Slings
  1279 | D:2      | Reached skill level 1 in Bows
  1279 | D:2      | Reached skill level 1 in Crossbows
  1279 | D:2      | Reached skill level 1 in Throwing
  1279 | D:2      | Reached skill level 1 in Armour
  1279 | D:2      | Reached skill level 1 in Shields
  1279 | D:2      | Reached skill level 1 in Unarmed Combat
  1279 | D:2      | Reached skill level 1 in Spellcasting
  1725 | D:3      | Found an ornate altar of the Wu Jian Council.
  1894 | D:3      | Reached XP level 4. HP: 34/34 MP: 5/5
  1938 | D:3      | You fall into a shaft and drop 1 floor!
  1938 | D:4      | Noticed Edmund
  1992 | D:4      | Slain by Edmund

Illustrated notes

Levels and vault maps discovered:
D:1:      dpeg_arrival_three_same_balls, layout_basic, serial_shops, shop
D:2:      layout_loops_ring, kennysheep_generic_room_5
D:3:      layout_loops_ring, mainiacjoe_overflow_boulevard, nrook_campfire
D:4:      layout_loops_ring, general_overflow_altar, minmay_temple_entry_tees,
          amcnicky_mini_rare_corridor_liquid,
          nicolae_concentric_dashed_squares_wild, uniq_menkaure, uniq_edmund

Skill      XL: |  1  2  3 |
---------------+----------+-----
Invocations    | 1 |  1.1
Short Blades   | 1 |  1.0
Long Blades    | 1 |  1.0
Axes           | 1 |  1.0
Maces & Flails | 1 |  1.0
Staves         | 1 |  1.0
Slings         | 1 |  1.0
Bows           | 1 |  1.0
Crossbows      | 1 |  1.0
Throwing       | 1 |  1.0
Armour         | 1 |  1.0
Shields        | 1 |  1.0
Unarmed Combat | 1 |  1.0
Spellcasting   | 1 |  1.0
Fighting       | |  2.7
Polearms       | |  2.7
Dodging        | |  2.7
Stealth        | |  7.8
Conjurations   | |  0.7
Hexes          | |  0.7
Summonings     | |  0.7
Necromancy     | |  0.7
Translocations | |  0.7
Transmutations | |  0.7
Fire Magic     | |  0.7
Ice Magic      | |  0.7
Air Magic      | |  0.7
Earth Magic    | |  0.7
Poison Magic   | |  0.7
Evocations     | |  6.5

Action                   |  1- 3 |  4- 6 || total
-------------------------+-------+-------++-------
Melee: Dagger            |    24 |       ||    24
       War axe           |    56 |     7 ||    63
       Bite              |     8 |     1 ||     9
 Fire: Hunting sling     |    45 |     2 ||    47
Throw: Dart              |     1 |     5 ||     6
 Stab: Sleeping          |     9 |     1 ||    10
Armor: Ring mail         |    45 |     1 ||    46
Dodge: Dodged            |    47 |     6 ||    53
Block: Kite shield       |    33 |     1 ||    34

Table legend: (Time is in decaauts)
 A = Elapsed time spent in this place.
 B = Non-inter-level travel time spent in this place.
 C = Inter-level travel time spent in this place.
 D = Time resting spent in this place.
 E = Time spent auto-exploring this place.
 F = Levels seen in this place.
 G = Mean time per level.
                   A        B        C        D        E       F      G
               +--------+--------+--------+--------+--------+-----+--------+
         Total |   2056 |   1972 |     84 |    166 |   1257 |   4 |  514.0 |
       Dungeon |   2056 |   1972 |     84 |    166 |   1257 |   4 |  514.0 |
               +--------+--------+--------+--------+--------+-----+--------+

Top non-repeatable levels by time:
     D:1: 892 daAuts
     D:2: 847 daAuts
     D:3: 260 daAuts
     D:4: 56 daAuts
